 Dungeon Crawl Stone Soup version 0.30-a0-883-g5ad918d77d (webtiles) character file.

Game seed: 2628117918842981764

18902 Firecrotchwizard the Severer (level 12, -23/169 HPs)
             Began as a Hill Orc Berserker on Mar 16, 2023.
             Was a High Priest of Trog.
             Annihilated by a death yak (24 damage)
             ... on level 2 of the Lair of Beasts.
             The game lasted 00:19:52 (11598 turns).

Firecrotchwizard the Severer (Hill Orc Berserker)  Turns: 11598, Time: 00:19:53

Health: -23/169    AC: 13    Str: 31    XL:     12   Next: 63%
Magic:  12/12      EV: 10    Int:  7    God:    Trog [*****.]
Gold:   583        SH: 13    Dex: 10    Spells: 11/11 levels left

rFire   . . .      SeeInvis .    x - +3 hand axe (elec)
rCold   . . .      Faith    .    k - +2 kite shield
rNeg    . . .      Spirit   .    m - +0 acid dragon scales
rPois   .          Reflect  .    H - +0 helmet
rElec   .          Rampage  .    (no cloak)
rCorr   +                        q - +0 pair of gloves
Will    +++..                    f - +2 pair of boots Stlth
                                 (no amulet)
HPRegen 1.48/turn                W - ring of willpower
MPRegen 0.13/turn                C - +6 ring of strength

@: berserking (expiring), strong-willed, regenerating, very quick
A: no striking features
a: Renounce Religion, Berserk, Trog's Hand, Brothers in Arms


You were on level 2 of the Lair of Beasts.
You worshipped Trog.
Trog was extremely pleased with you.
You visited 2 branches of the dungeon, and saw 13 of its levels.

You collected 647 gold pieces.
You spent 64 gold pieces at shops.

Inventory:

Hand Weapons
 a - a +0 hand axe
 d - a +5 war axe
   (You took it off a wight on level 6 of the Dungeon)
 w - a +0 broad axe
   (You bought it in a shop on level 7 of the Dungeon)
 x - a +3 hand axe of electrocution (weapon)
   (You took it off an orc on level 4 of the Dungeon)
 Q - a +4 antimagic hand axe
   (Trog gifted it to you on level 2 of the Lair of Beasts)
Missiles
 j - 30 poisoned darts
 o - a curare-tipped dart
 s - 127 stones (quivered)
 u - 6 datura-tipped darts
 E - 3 atropa-tipped darts
 G - 14 boomerangs
 L - 4 throwing nets {!d}
Armour
 e - a +0 chain mail
   (You found it on level 7 of the Dungeon)
 f - a +2 pair of boots (worn)
   (You found it on level 1 of the Dungeon)
 k - a +2 kite shield (worn)
   (You found it on level 2 of the Dungeon)
 m - +0 acid dragon scales (worn)
   (You took it off Maggie on level 1 of the Lair of Beasts)
 q - a +0 pair of gloves (worn)
   (You found it on level 3 of the Dungeon)
 D - +0 steam dragon scales
   (You found it on level 4 of the Dungeon)
 H - a +0 helmet (worn)
   (You found it on level 5 of the Dungeon)
Jewellery
 c - a ring of ice {rC+, rF-}
   (You found it on level 1 of the Dungeon)
 h - a ring of positive energy {rN+}
   (You found it on level 3 of the Dungeon)
 v - an amulet of magic regeneration
   (You found it on level 11 of the Dungeon)
 C - a +6 ring of strength (right hand)
   (You found it on level 4 of the Dungeon)
 F - a +6 ring of dexterity
   (You found it on level 5 of the Dungeon)
 W - a ring of willpower (left hand)
   (You found it on level 2 of the Dungeon)
Wands
 i - a wand of iceblast (8)
   (You found it on level 6 of the Dungeon)
 p - a wand of paralysis (2)
   (You found it on level 7 of the Dungeon)
Scrolls
 l - 2 scrolls of identify {@r1}
 B - 2 scrolls of poison {!r}
 K - a scroll of immolation {!r}
 O - 2 scrolls of silence
 Y - 2 scrolls of teleportation {@r3}
Potions
 b - a potion of haste {unknown}
 g - a potion of lignification {unknown}
 n - a potion of flight {unknown}
 r - a potion of berserk rage {unknown}
 t - 2 potions of cancellation
 y - a potion of brilliance {unknown}
 A - a potion of attraction {unknown}
 I - a potion of invisibility
 J - 2 potions of curing {@q1}
 M - 5 potions of might
 N - 4 potions of heal wounds {@q2}
 P - a potion of magic {unknown}
 R - 4 potions of resistance
 U - 2 potions of mutation {!q}
Miscellaneous
 z - a box of beasts
   (You found it on level 2 of the Lair of Beasts)


   Skills:
 + Level 12.5 Fighting
 * Level 18.2 Axes
 + Level 6.7 Armour
 - Level 1.5 Dodging
 + Level 10.4 Shields


You had 11 spell levels left.
You didn't know any spells.
Your spell library was empty.

Dungeon Overview and Level Annotations

Branches:
Dungeon (11/15)            Temple (0/1) D:6            Lair (2/5) D:8
 Spider (0/4) Lair:2          Orc (0/2) D:10
  Swamp: Lair:2-3    Shoals: Lair:2-3

Altars:
Elyvilon
Fedhas
Nemelex Xobeh
Wu Jian

Shops:
D:4 :   D:7 (

Annotations:
D:7 exclusion: ice statue


Message History

The death yak gores you!
You take 16 damage, and have 96/112 hp.
You slice the death yak!! You hit the plant. The death yak gores you.
You take 3 damage, and have 93/112 hp.
You slash the death yak! You slash the plant!
Lightning courses through the plant! You hit the death yak but do no damage.
You slash the plant! The death yak gores you!!
The death yak gores the fungus!
The fungus begins to die.
The wyvern bites the fungus!
You hear a bellow!
You take 20 damage, and have 74/112 hp.
You barely miss the death yak. You slash the plant!
A nearby plant withers and dies.
You block the death yak's attack.
The death yak gores the fungus!
The wyvern bites the fungus!
A red film seems to cover your vision as you go berserk!
You feel yourself moving faster!
You feel mighty!
The wyvern bites the fungus!!
The death yak gores you!
A death yak comes into view.
The death yak gores the fungus!
You now have 100/168 hp.
You barely miss the death yak.
The wyvern bites the fungus!
You slash the death yak!
Lightning courses through the death yak!
A nearby fungus withers and dies.
The death yak completely misses you.
You hit the death yak. You hit the death yak. The death yak gores you!!
You take 18 damage, and have 84/168 hp.
You slash the death yak!
Lightning courses through the death yak!
You kill the death yak!
Trog accepts your kill. The death yak gores you!!
The death yak barely misses you.
You see here a death yak corpse.
You take 23 damage, and have 62/168 hp.
You slash the death yak! You hit the death yak. You slash the death yak!
You hit the death yak.
Lightning courses through the death yak!
You hit the death yak. You barely miss the death yak. You slash the death yak!
Lightning courses through the death yak!
You barely miss the death yak. You block the death yak's attack.
You hit the death yak but do no damage. You slash the death yak!
You hit the death yak. You slash the death yak!
You block the death yak's attack. x2
You slash the death yak! x2
You kill the death yak!
Trog accepts your kill.
Your Axes skill increases to level 18!
You barely miss the death yak. The death yak gores you.
You take 2 damage, and have 65/169 hp.
You slash the death yak! You hit the wyvern but do no damage.
Lightning courses through the wyvern! The wyvern bites you!
You take 9 damage, and have 56/169 hp.
You slash the death yak! You slash the wyvern!
You block the death yak's attack.
You slash the death yak! x2
You barely miss the death yak. You hit the death yak.
Lightning courses through the death yak!
The death yak gores you!!
* * * LOW HITPOINT WARNING * * *
You take 18 damage, and have 39/169 hp.
You slash the death yak! x2
You hit the death yak. x2
Lightning courses through the death yak!
The death yak closely misses you. You block the death yak's attack.
You slash the death yak!
Lightning courses through the death yak!
You feel the power of Trog in you as your rage grows.
You kill the death yak!
Trog accepts your kill.
You hit the death yak. You slash the wyvern!
Lightning courses through the wyvern!
You kill the wyvern!
Trog accepts your kill.
You slash the death yak! You block the death yak's attack.
The death yak gores you!
* * * LOW HITPOINT WARNING * * *
You see here a wyvern corpse.
You take 6 damage, and have 35/169 hp.
You slash the death yak! x2; You hit the death yak.
The death yak gores you but does no damage.
You block the death yak's attack. The death yak gores you!!
* * * LOW HITPOINT WARNING * * *
You take 21 damage, and have 14/169 hp.
You hit the death yak. x2; You barely miss the death yak.
You slash the death yak! You hit the death yak. x2
You block the death yak's attack. x2; The death yak gores you!
* * * LOW HITPOINT WARNING * * *
You take 8 damage, and have 7/169 hp.
You hit the death yak.
Lightning courses through the death yak!
You slash the death yak! You hit the death yak.
Lightning courses through the death yak!
You kill the death yak!
Trog accepts your kill.
You slice the death yak!! You barely miss the death yak.
The death yak gores you!
* * * LOW HITPOINT WARNING * * *
The death yak gores you!!
You die...

..... Y...# .....# ....#
..^...## .....# #
.......####.[.#...
.......#.##Y.....#
.............##.
.........#..#...P####
....#YY.#####..###.## ..
#.@## #P......###
#†#########.......#
#.###..###........#
#..##.##^^...###...
#########....#^^^^..###...#
#.P#P#.......##^...#^^^:..#
###P............#...^^^^....#
.................^..^>^.....#
...................#^^^...^..


You could see 2 death yaks.

Vanquished Creatures
  Harold (D:11)
  Erica (Lair:2)
  A boulder beetle (D:11)
  A two-headed ogre (D:9)
  4 death yaks (Lair:2)
  A gargoyle (D:10)
  3 komodo dragons
  Maggie (Lair:1)
  A rime drake (Lair:2)
  4 trolls (D:10)
  A polar bear (Lair:2)
  Sigmund (D:2)
  A shadow (D:10)
  25 yaks
  2 wyverns
  A redback (Lair:2)
  4 steam dragons
  3 basilisks (Lair:1)
  4 wargs (D:10)
  4 vampire mosquitoes
  4 water moccasins
  3 orc warriors
  An ice beast (D:5)
  3 wolves (Lair:1)
  2 centaurs
  3 phantoms
  4 bullfrogs
  3 kobold brigands
  A gnoll sergeant (D:10)
  2 scorpions
  9 wights
  26 killer bees
  2 electric eels (Lair:1)
  8 howler monkeys
  3 orc priests
  4 hounds
  6 iguanas
  7 hell rats (Lair:1)
  6 sleepcaps
  13 orc wizards
  A mummy (D:5)
  4 gnolls (D:10)
  4 adders
  8 river rats (Lair:1)
  A worm (D:3)
  A dart slug (D:2)
  41 orcs
  2 bats (D:3)
  7 endoplasms
  A giant cockroach (D:1)
  8 goblins
  7 hobgoblins
  8 quokkas
  8 ball pythons
  3 frilled lizards
  A hobgoblin zombie (D:5)
  15 kobolds
  2 kobold zombies (D:5)
  An orc zombie (D:5)
  18 rats
315 creatures vanquished.

Vanquished Creatures (others)
  An endoplasm (D:4)
  7 fungi
  2 plants
10 creatures vanquished.

Grand Total: 325 creatures vanquished

Notes
Turn   | Place    | Note
-------+----------+-------------------------------------------
     0 | D:1      | Firecrotchwizard the Hill Orc Berserker began the quest for
                  | the Orb.
     0 | D:1      | Reached XP level 1. HP: 19/19 MP: 1/1
   170 | D:1      | Reached XP level 2. HP: 27/27 MP: 2/2
   560 | D:1      | Found a faded altar of an unknown god.
   992 | D:2      | Reached skill level 4 in Fighting
   992 | D:2      | Reached XP level 3. HP: 33/33 MP: 3/3
  1345 | D:2      | Noticed Sigmund
  1358 | D:2      | Killed Sigmund
  1359 | D:2      | Reached skill level 6 in Axes
  1359 | D:2      | Reached skill level 3 in Armour
  1359 | D:2      | Reached XP level 4. HP: 23/41 MP: 4/4
  1359 | D:2      | Reached XP level 5. HP: 27/47 MP: 5/5
  1774 | D:3      | Found a white marble altar of Elyvilon.
  1968 | D:3      | Reached ** piety under Trog
  2383 | D:4      | Reached skill level 5 in Fighting
  2383 | D:4      | Reached XP level 6. HP: 22/56 MP: 6/6
  2383 | D:4      | HP: 20/84 [something (2)]
  2388 | D:4      | Reached skill level 1 in Shields
  2696 | D:4      | Noticed a steam dragon
  2705 | D:4      | Killed a steam dragon
  2706 | D:4      | Reached skill level 7 in Axes
  2801 | D:4      | Found an ornate altar of the Wu Jian Council.
  2827 | D:4      | Found Fain's Book Boutique.
  2969 | D:4      | Reached skill level 2 in Shields
  2973 | D:4      | Reached XP level 7. HP: 56/61 MP: 7/7
  3042 | D:5      | Entered Level 5 of the Dungeon
  3108 | D:5      | Reached skill level 8 in Axes
  3250 | D:5      | Reached skill level 6 in Fighting
  3306 | D:5      | Reached skill level 3 in Shields
  3363 | D:5      | Reached skill level 9 in Axes
  3485 | D:5      | Reached XP level 8. HP: 57/71 MP: 8/8
  4041 | D:6      | Reached skill level 4 in Shields
  4199 | D:6      | Reached *** piety under Trog
  4200 | D:6      | Reached skill level 10 in Axes
  4216 | D:6      | Reached skill level 7 in Fighting
  4382 | D:6      | Found a staircase to the Ecumenical Temple.
  4392 | D:6      | Reached skill level 11 in Axes
  4394 | D:6      | Reached skill level 5 in Shields
  4394 | D:6      | Reached XP level 9. HP: 74/80 MP: 9/9
  5124 | D:7      | Reached skill level 8 in Fighting
  5156 | D:7      | Found Kuk Davy's Weapon Emporium.
  5160 | D:7      | Bought a +0 broad axe for 64 gold pieces
  5211 | D:7      | Reached **** piety under Trog
  5294 | D:7      | Reached skill level 12 in Axes
  5297 | D:7      | You fall into a shaft and drop 2 floors!
  5407 | D:9      | Noticed a two-headed ogre
  5600 | D:9      | Reached skill level 6 in Shields
  5707 | D:8      | Found a staircase to the Lair.
  5723 | D:8      | Reached skill level 13 in Axes
  5726 | D:8      | Reached skill level 9 in Fighting
  5736 | D:8      | Reached XP level 10. HP: 52/91 MP: 10/10
  5900 | D:8      | Reached skill level 7 in Shields
  6049 | D:8      | Reached skill level 14 in Axes
  6872 | D:7      | Reached ***** piety under Trog
  7004 | D:7      | Found a blossoming altar of Fedhas.
  7064 | D:7      | Noticed an ice statue
  7431 | D:9      | Found a sparkling altar of Nemelex Xobeh.
  7678 | D:9      | Killed a two-headed ogre
  7679 | D:9      | Reached skill level 10 in Fighting
  7699 | D:9      | Received a gift from Trog
  7976 | D:10     | Entered Level 10 of the Dungeon
  7983 | D:10     | Reached skill level 8 in Shields
  8004 | D:10     | Reached skill level 15 in Axes
  8026 | D:10     | HP: 34/141 [kobold brigand/+0 club (6)]
  8028 | D:10     | Reached XP level 11. HP: 38/101 MP: 11/11
  8572 | D:10     | Found a staircase to the Orcish Mines.
  8995 | D:11     | Noticed a boulder beetle
  9168 | D:10     | Reached skill level 16 in Axes
  9169 | D:10     | Reached skill level 11 in Fighting
  9275 | D:11     | Reached skill level 9 in Shields
  9383 | D:11     | Reached skill level 4 in Armour
  9502 | D:11     | Killed a boulder beetle
  9601 | D:11     | Noticed Harold
  9623 | D:11     | HP: 20/102 [Harold/+0 long sword (9)]
  9626 | D:11     | Killed Harold
  9632 | D:11     | Noticed a cyclops
  9877 | Lair:1   | Entered Level 1 of the Lair of Beasts
 10144 | Lair:1   | Reached skill level 5 in Armour
 10188 | Lair:1   | Reached skill level 17 in Axes
 10204 | Lair:1   | Reached XP level 12. HP: 81/111 MP: 12/12
 10426 | Lair:1   | Noticed Maggie
 10440 | Lair:1   | Killed Maggie
 10441 | Lair:1   | Reached skill level 12 in Fighting
 10515 | Lair:1   | Reached skill level 10 in Shields
 11171 | Lair:2   | Received a gift from Trog
 11172 | Lair:2   | Reached skill level 6 in Armour
 11424 | Lair:2   | Noticed Erica
 11437 | Lair:2   | Killed Erica
 11482 | Lair:2   | Found a hole to the Spider Nest.
 11555 | Lair:2   | Noticed a death yak
 11555 | Lair:2   | Noticed a death yak
 11556 | Lair:2   | Noticed a death yak
 11556 | Lair:2   | Noticed a death yak
 11556 | Lair:2   | Noticed a death yak
 11570 | Lair:2   | Noticed a death yak
 11575 | Lair:2   | Killed a death yak
 11583 | Lair:2   | Killed a death yak
 11584 | Lair:2   | Reached skill level 18 in Axes
 11588 | Lair:2   | HP: 39/169 [death yak (19)]
 11591 | Lair:2   | Killed a death yak
 11593 | Lair:2   | HP: 35/169 [death yak (7)]
 11594 | Lair:2   | HP: 14/169 [death yak (22)]
 11597 | Lair:2   | Killed a death yak
 11598 | Lair:2   | HP: 1/169 [death yak (8)]
 11598 | Lair:2   | Annihilated by a death yak

Illustrated notes

Levels and vault maps discovered:
D:1:      tarquinn_simple_flora_water_a, layout_basic,
          hellmonk_ecumenical_altar_leap_of_faith
D:2:      layout_basic, hangedman_abyss_or_decor_lesser_grid, uniq_sigmund
D:3:      layout_basic, elyvilon_altar_5, grunt_ministairs_13
D:4:      layout_basic, old_standard_altar, serial_shops, shop
D:5:      layout_loops_ring, kennysheep_big_empty_room, minmay_mini_ossuary
D:6:      layout_rooms, temple_green, minmay_fountain_box, grunt_ministairs_12
D:7:      lemuel_ice_statue, layout_basic, kennysheep_mini_moat, serial_shops,
          shop, enter_bailey_3
D:8:      layout_basic, dpeg_oklobed_lair, serial_bayou_pond_e
D:9:      layout_roguey, nemelex_xobeh_ov_fountains_minmay
D:10:     layout_cave_pools, minmay_orc_entry_guard_dogs, chequers_avenue
D:11:     layout_cave_pools, uniq_harold
Lair:1:   lemuel_ratsnest, layout_regular_city, chequers_serial_rivers_room_b,
          lemuel_fruit_tree, serial_bayou_shore_b, grunt_megastairs_4,
          lemuel_fruit_fields, serial_bayou_shore_a, infiniplex_staircase_pool,
          uniq_maggie
Lair:2:   layout_cave_pods, spider_nest_entry_webs, infiniplex_staircase_pool_2,
          uniq_amaemon, uniq_erica

Skill      XL: |  1  2  3  4  5  6  7  8  9 10 11 12 |
---------------+-------------------------------------+-----
Fighting       | 4 5 6 7 9 10 11 12 | 12.5
Axes           | 6 7 9 11 13 15 17 18 | 18.2
Armour         | 3 5 6 |  6.7
Shields        | 2 3 5 6 8 9 10 | 10.4
Dodging        | |  1.5

Action                     |  1- 3 |  4- 6 |  7- 9 | 10-12 || total
---------------------------+-------+-------+-------+-------++-------
  Melee: Hand axe          |    71 |    97 |   233 |   490 ||   891
         Punch             |     1 |       |       |       ||     1
 Invoke: Berserk           |     1 |     1 |     1 |     5 ||     8
         Trog's Hand       |       |       |     2 |     6 ||     8
    Use: Scroll            |       |       |    14 |     5 ||    19
         Potion            |       |       |       |     2 ||     2
   Stab: Sleeping          |       |     1 |       |       ||     1
 Armour: Animal skin       |     1 |       |       |       ||     1
         Leather armour    |     8 |    14 |       |       ||    22
         Ring mail         |       |    19 |       |       ||    19
         Steam dragon scal |       |     2 |    76 |    19 ||    97
         Chain mail        |       |       |       |   115 ||   115
         Acid dragon scale |       |       |       |    28 ||    28
  Dodge: Dodged            |    47 |    21 |    86 |   117 ||   271
  Block: Kite shield       |       |    34 |   141 |   258 ||   433

Table legend: (Time is in decaauts)
 A = Elapsed time spent in this place.
 B = Non-inter-level travel time spent in this place.
 C = Inter-level travel time spent in this place.
 D = Time resting spent in this place.
 E = Time spent auto-exploring this place.
 F = Levels seen in this place.
 G = Mean time per level.
                   A        B        C        D        E       F      G
               +--------+--------+--------+--------+--------+-----+--------+
         Total |  11560 |  11108 |    452 |   1775 |   7489 |  13 |  889.2 |
       Dungeon |   9888 |   9470 |    418 |   1704 |   6268 |  11 |  898.9 |
          Lair |   1672 |   1638 |     34 |     70 |   1220 |   2 |  836.0 |
               +--------+--------+--------+--------+--------+-----+--------+

Top non-repeatable levels by time:
    D:10: 1510 daAuts
  Lair:1: 1244 daAuts
     D:9: 1180 daAuts
     D:5: 1047 daAuts
     D:3: 1036 daAuts
     D:7: 1024 daAuts
     D:6: 935 daAuts
     D:8: 922 daAuts
     D:2: 827 daAuts
     D:1: 660 daAuts
     D:4: 545 daAuts
  Lair:2: 427 daAuts
    D:11: 198 daAuts

Table legend:
 A = Kills in this place as a percentage of kills in the entire game.
 B = Kills by you in this place as a percentage of kills by you in the entire game.
 C = Kills by friends in this place as a percentage of kills by friends in the entire game.
 D = Other kills in this place as a percentage of other kills in the entire game.
 E = Experience gained in this place as a percentage of experience gained in the entire game.
 F = Experience gained in this place divided by the number of levels of this place that you have seen.
                   A       B       C       D       E      F
               +-------+-------+-------+-------+-------+----------------------
         Total | 100.0 | 100.0 |   N/A |   N/A | 100.0 | 2077.2
       Dungeon |  75.2 |  75.2 |   N/A |   N/A |  57.4 | 1408.7
          Lair |  24.8 |  24.8 |   N/A |   N/A |  42.6 | 5753.5
               +-------+-------+-------+-------+-------+----------------------
